 Dungeon Sprint DCSS version 0.27-a0-412-g8dd771eca2 (webtiles) character file.

Game seed: 11144747442351743794

874 Gaff the Spear-Bearer (level 7, -2/117 HPs)
             Began as a Minotaur Berserker on Feb 24, 2021.
             Was a Priest of Trog.
             Slain by a sixfirhy (13 damage)
             ... summoned by a kobold demonologist
             ... in the Dungeon (Sprint I: "Red Sonja").
             The game lasted 00:01:30 (632 turns).

Gaff the Spear-Bearer (Minotaur Berserker)           Turns: 632, Time: 00:01:30

Health: -2/117     AC:  3    Str: 23    XL:     7   Next: 74%
Magic:  6/6        EV: 14    Int:  4    God:    Trog [***...]
Gold:   414        SH:  0    Dex: 10    Spells: 6/6 levels left

rFire    . . .     SeeInvis .   k - +0 scythe
rCold    . . .     Faith    .   (shield currently unavailable)
rNeg     . . .     Spirit   .   j - +0 leather armour
rPois    .         Reflect  .   (helmet restricted)
rElec    .         Harm     .   (no cloak)
rCorr    .         Rampage  .   (no gloves)
Will     .....     NoTele   +   (no boots)
Stlth    ..........             (no amulet)
HPRegen  0.29/turn              (no ring)
MPRegen  0.10/turn              (no ring)

@: berserking (expiring), very quick
A: retaliatory headbutt, horns 2
a: Renounce Religion, Berserk, Trog's Hand


You were in the Dungeon.
You worshipped Trog.
Trog was most pleased with you.
You visited 1 branch You collected 414 gold pieces.

Inventory:

Hand Weapons
 a - a +0 spear
 k - a +0 scythe (weapon)
Armour
 b - a +0 animal skin
 j - a +0 leather armour (worn)
Wands
 i - a wand of polymorph (7)
Scrolls
 h - a scroll of blinking
Potions
 c - a potion of curing
 d - a potion of heal wounds
 e - a potion of haste
 f - 2 potions of magic
 g - a potion of berserk rage


   Skills:
 + Level 12.7 Fighting
 + Level 13.0 Polearms
 + Level 6.8 Armour
 + Level 6.7 Dodging
 + Level 0.2 Unarmed Combat


You had 6 spell levels left.
You didn't know any spells.
Your spell library was empty.

Dungeon Overview and Level Annotations

Branches:
Dungeon (1/1)

Altars:
Cheibriados
Dithmenos
Elyvilon
Fedhas
Gozag
Hepliaklqana
Kikubaaqudgha
Makhleb
Nemelex Xobeh
Okawaru
Qazlal
Ru
Sif Muna
Trog
Uskayaw
Vehumet
Wu Jian
Xom
Yredelemnul
Zin
The Shining One
Jiyva
Lugonu

Shops:
D (


Innate Abilities, Weirdness & Mutations

You reflexively headbutt those who attack you in melee.
You have a pair of horns on your head.


Message History

The kobold demonologist hits you but does no damage.
The floating eye gazes piercingly through you!
You suddenly lose the ability to move!
The sixfirhy hits you. The sixfirhy shocks you! The sixfirhy hits you.
The sixfirhy shocks you!
The kobold demonologist hits you but does no damage.
The floating eye's view fixates on you.
You can move again.
You hit the kobold demonologist. You headbutt the kobold demonologist.
The kobold demonologist is severely wounded.
The sixfirhy hits you. The sixfirhy shocks you! The sixfirhy misses you.
You furiously retaliate!
You headbutt the sixfirhy!
The sixfirhy hits you but does no damage.
The kobold demonologist gestures wildly while chanting.
The kobold demonologist hits you with a +0 dagger.
You closely miss the kobold demonologist.
The kobold demonologist is severely wounded.
The kobold demonologist hits you but does no damage.
The floating eye gazes piercingly through you!
You shrug off the repeated paralysis!
The crimson imp blinks!
You slice the kobold demonologist!!
You kill the kobold demonologist!
Trog accepts your kill.
Trog appreciates your killing of a magic user.
The kobold demonologist mumbles some strange words.
Your Polearms skill increases to level 13!
You hit the iron imp. Your headbutt misses the iron imp.
The iron imp is moderately wounded.
The sixfirhy hits you! The sixfirhy shocks you! The sixfirhy hits you!
The sixfirhy shocks you!
* * * LOW HITPOINT WARNING * * *
The sixfirhy hits you!
* * * LOW HITPOINT WARNING * * *
The sixfirhy shocks you!
* * * LOW HITPOINT WARNING * * *
The sixfirhy closely misses you.
You closely miss the sixfirhy. Your headbutt misses the sixfirhy.
The sixfirhy is moderately wounded.
The sixfirhy hits you!
You die...

######################
..'..#..'..#__#..354K#
).#..'[.#..'..'.@#.G5#
####'#####'#__####455+
###..#...#)#### ####
__####..##.#
_____##'#_.+
_.∩...†..._#
_..__##_.#+#
_____###+# ######


You could see a hellwing (summoned), a kobold demonologist, a sixfirhy
(summoned) and an iron imp (summoned).

Vanquished Creatures
  A kobold demonologist (D)
  A slime creature (D)
  Sigmund (D)
  A yak (D)
  An ogre (D)
  A jelly (D)
  Ijyb (D)
7 creatures vanquished.

Notes
Turn   | Place    | Note
-------+----------+-------------------------------------------
     0 | D        | Gaff the Minotaur Berserker began the quest for the Orb.
     0 | D        | Reached XP level 1. HP: 19/19 MP: 0/0
     1 | D        | Noticed Ijyb
     6 | D        | Killed Ijyb
     7 | D        | Reached skill level 5 in Fighting
     7 | D        | Reached skill level 5 in Polearms
     7 | D        | Reached XP level 2. HP: 29/29 MP: 1/1
    49 | D        | Noticed an ogre
    56 | D        | Killed an ogre
    57 | D        | Reached skill level 7 in Polearms
    57 | D        | Reached XP level 3. HP: 25/40 MP: 2/2
    57 | D        | Reached XP level 4. HP: 30/48 MP: 3/3
   323 | D        | Noticed Sigmund
   328 | D        | Killed Sigmund
   328 | D        | Reached ** piety under Trog
   329 | D        | Reached skill level 10 in Fighting
   329 | D        | Reached skill level 9 in Polearms
   329 | D        | Reached skill level 5 in Armour
   329 | D        | Reached skill level 5 in Dodging
   329 | D        | Reached XP level 5. HP: 58/58 MP: 4/4
   329 | D        | Reached XP level 6. HP: 66/66 MP: 5/5
   368 | D        | Found an ornate altar of the Wu Jian Council.
   368 | D        | Found a shimmering blue altar of Sif Muna.
   370 | D        | Found a radiant altar of Vehumet.
   374 | D        | Reached skill level 10 in Polearms
   378 | D        | Found Ochuts's Weapon Emporium.
   378 | D        | Found an ancient bone altar of Kikubaaqudgha.
   378 | D        | Found a hazy altar of Hepliaklqana.
   378 | D        | Found a stormy altar of Qazlal.
   378 | D        | Found a hide-covered altar of Uskayaw.
   378 | D        | Found a blossoming altar of Fedhas.
   378 | D        | Found a bloodstained altar of Trog.
   378 | D        | Found an iron altar of Okawaru.
   378 | D        | Found a basalt altar of Yredelemnul.
   378 | D        | Found a glowing golden altar of the Shining One.
   378 | D        | Found a snail-covered altar of Cheibriados.
   378 | D        | Found a sacrificial altar of Ru.
   378 | D        | Found a glowing silver altar of Zin.
   378 | D        | Found a shadowy altar of Dithmenos.
   378 | D        | Found a white marble altar of Elyvilon.
   378 | D        | Noticed a yak
   381 | D        | Killed a yak
   382 | D        | Reached skill level 11 in Polearms
   382 | D        | Found an opulent altar of Gozag.
   383 | D        | Found a sparkling altar of Nemelex Xobeh.
   495 | D        | Found a burning altar of Makhleb.
   495 | D        | Found a viscous altar of Jiyva.
   495 | D        | Found a shimmering altar of Xom.
   495 | D        | Found a corrupted altar of Lugonu.
   495 | D        | Noticed a slime creature
   499 | D        | Killed a slime creature
   499 | D        | Reached *** piety under Trog
   500 | D        | Reached skill level 12 in Polearms
   500 | D        | Reached XP level 7. HP: 52/77 MP: 6/6
   622 | D        | Noticed a kobold demonologist
   623 | D        | Noticed a kobold demonologist
   624 | D        | Noticed an ice devil
   625 | D        | Paralysed by a floating eye for 2 turns
   626 | D        | Noticed a sixfirhy
   628 | D        | Noticed a hellwing
   629 | D        | Killed a kobold demonologist
   630 | D        | Reached skill level 13 in Polearms
   632 | D        | Slain by a sixfirhy

Illustrated notes

Levels and vault maps discovered:
D:        dungeon_sprint_1 [red_sonja_temple_1, red_sonja_temple_small_1]

Skill      XL: |  1  2  3  4  5  6  7 |
---------------+----------------------+-----
Fighting       | 5 7 10 12 | 12.7
Polearms       | 5 7 9 12 13 | 13.0
Armour         | 3 4 5 6 |  6.8
Dodging        | 3 4 5 6 |  6.7
Unarmed Combat | |  0.2

Action                   |  1- 3 |  4- 6 |  7- 9 || total
-------------------------+-------+-------+-------++-------
Melee: Unarmed           |     3 |       |       ||     3
       Spear             |     3 |     3 |       ||     6
       Headbutt          |     1 |     4 |     1 ||     6
       Scythe            |       |     7 |     6 ||    13
Invok: Berserk           |     2 |     2 |     1 ||     5
Armor: Skin              |     1 |       |       ||     1
       Leather armour    |       |       |     2 ||     2
Dodge: Dodged            |       |     6 |     3 ||     9

Table legend: (Time is in decaauts)
 A = Elapsed time spent in this place.
 B = Non-inter-level travel time spent in this place.
 C = Inter-level travel time spent in this place.
 D = Time resting spent in this place.
 E = Time spent auto-exploring this place.
 F = Levels seen in this place.
 G = Mean time per level.
                   A        B        C        D        E       F      G
               +--------+--------+--------+--------+--------+-----+--------+
         Total |    673 |    673 |      0 |    502 |      0 |   1 |  673.0 |
       Dungeon |    673 |    673 |      0 |    502 |      0 |   1 |  673.0 |
               +--------+--------+--------+--------+--------+-----+--------+

Top non-repeatable levels by time:
       D: 673 daAuts
